 Dungeon Crawl Stone Soup version 0.30-a0-715-gdb4ae3ece1 (webtiles) character file.

Game seed: 8629195825441372883

140 boo the Twirler (level 5, -6/40 HPs)
             Began as a Human Gladiator on Jan 23, 2023.
             Killed from afar by Ijyb (11 damage)
             ... with a bolt of light
             ... on level 3 of the Dungeon.
             The game lasted 00:03:00 (2279 turns).

boo the Twirler (Human Gladiator)                   Turns: 2279, Time: 00:03:01

Health: -6/40      AC:  6    Str: 15    XL:     5   Next: 46%
Magic:  5/5        EV: 12    Int: 10    God:
Gold:   76         SH:  0    Dex: 14    Spells: 4/4 levels left

rFire   . . .      SeeInvis .    a - +0 quarterstaff
rCold   + . .      Faith    .    (shield currently unavailable)
rNeg    . . .      Spirit   .    h - +0 ring mail
rPois   .          Reflect  .    c - +0 helmet
rElec   .          Harm     .    (no cloak)
rCorr   .          Rampage  .    (no gloves)
Will    .....                    (no boots)
Stlth   +                        (no amulet)
HPRegen 0.26/turn                r - ring of protection from cold
MPRegen 0.09/turn                (no ring)

@: no status effects
A: no striking features
a: no special abilities


You were on level 3 of the Dungeon.
You visited 1 branch of the dungeon, and saw 3 of its levels.

You collected 76 gold pieces.

Inventory:

Hand Weapons
 a - a +0 quarterstaff (weapon)
Missiles
 d - 3 throwing nets (quivered)
 e - a javelin
Armour
 c - a +0 helmet (worn)
 h - a +0 ring mail (worn)
Jewellery
 q - a ring of ice
 r - a ring of protection from cold (left hand)
Scrolls
 b - 2 scrolls of fog {unknown}
 i - 2 scrolls of enchant weapon {unknown}
 j - a scroll of teleportation {unknown}
 m - a scroll of enchant armour {unknown}
 n - a scroll of fear {unknown}
 o - a scroll of immolation {unknown}
Potions
 f - 2 potions of flight {unknown}
 g - a potion of lignification {unknown}
 k - a potion of curing {unknown}
 l - a potion of might {unknown}
 p - a potion of brilliance {unknown}


   Skills:
 + Level 2.9 Fighting
 * Level 4.2 Staves
 - Level 2.0 Throwing
 + Level 1.9 Armour
 + Level 3.7 Dodging


You had 4 spell levels left.
You didn't know any spells.
Your spell library contained the following spells:

 Spells                   Type           Power      Damage    Failure   Level
 Portal Projectile        Hex/Tloc       0%         N/A       91%         3
 Tukima's Dance           Hex            0%         N/A       91%         3
 Blade Hands              Tmut           0%         N/A       100%        5
 Summon Forest            Summ/Tloc      0%         N/A       100%        5
 Eringya's Noxious Bog    Tmut/Pois      0%         N/A       100%        6
 Summon Hydra             Summ           0%         N/A       100%        7


Dungeon Overview and Level Annotations

Branches:
Dungeon (3/15)

Altars:
Uskayaw

Annotations:
D:3 Ijyb


Message History

You hear a zap.
A bolt of light appears from out of thin air!
The bolt of light hits you!
You hear a zap.
A bolt of light appears from out of thin air!
The bolt of light misses you.
You miss something. Something hits you.
You barely miss something. Something hits you.
You hit something but do no damage. Something hits you but does no damage.
You hit something but do no damage. Something hits you but does no damage.
You miss something. Something hits you but does no damage.
You miss something.
You hear a zap.
A bolt of light appears from out of thin air!
The bolt of light misses you.
You miss something. Something hits you but does no damage.
You hit something but do no damage.
You hear a zap.
A bolt of light appears from out of thin air!
The bolt of light misses you.
You hit something but do no damage. Something hits you.
Something hits you but does no damage.
You sock something!
You hear a zap.
A bolt of light appears from out of thin air!
The bolt of light misses you.
You miss something. Something hits you.
You hit something but do no damage. Something hits you.
You miss something. Something hits you.
You closely miss something. Something hits you but does no damage.
You barely miss something.
You hear a zap.
A bolt of light appears from out of thin air!
The bolt of light hits you!!
* * * LOW HITPOINT WARNING * * *
You hit something but do no damage.
You hear a zap.
A bolt of light appears from out of thin air!
The bolt of light hits you!
You die...

### #.# #####
#.######### ....#
#......@{.# .##.#
#.#######.#
.##.######.#.#####.#
.##........#.....#.#
.†...........###.#.{
.#####.....#####.#...
.....'.....'.....#....
######.....#######.###+
...........(.......#


There were no monsters in sight!

Vanquished Creatures
  Natasha (twice) (D:2)
  4 adders
  A worm (D:2)
  3 dart slugs
  2 bats (D:1)
  5 endoplasms
  11 goblins
  3 hobgoblins
  2 quokkas (D:1)
  6 ball pythons
  A frilled lizard (D:1)
  2 kobolds
  2 rats (D:1)
44 creatures vanquished.

Notes
Turn   | Place    | Note
-------+----------+-------------------------------------------
     0 | D:1      | boo the Human Gladiator began the quest for the Orb.
     0 | D:1      | Reached XP level 1. HP: 16/16 MP: 1/1
   221 | D:1      | Reached XP level 2. HP: 22/22 MP: 2/2
   500 | D:1      | Reached XP level 3. HP: 23/27 MP: 3/3
   560 | D:1      | Found a faded altar of an unknown god.
   871 | D:1      | Reached skill level 1 in Armour
  1080 | D:2      | Noticed Natasha
  1084 | D:2      | Killed Natasha
  1085 | D:2      | Reached XP level 4. HP: 13/34 MP: 4/4
  1567 | D:2      | Reached skill level 4 in Staves
  1692 | D:2      | Reached XP level 5. HP: 26/39 MP: 5/5
  1813 | D:2      | Noticed Natasha
  1821 | D:2      | Killed Natasha
  2072 | D:3      | Found a hide-covered altar of Uskayaw.
  2256 | D:3      | Noticed Ijyb
  2279 | D:3      | Killed from afar by Ijyb

Illustrated notes

Levels and vault maps discovered:
D:1:      lightli_arrival_boilingwater, layout_loops_corners,
          ebering_ecumenical_altar_ruins, minivault_5, hex_medium,
          amcnicky_mini_rare_corridor_liquid, kennysheep_flooded_box
D:2:      layout_loops_cross, minivault_14, kennysheep_minor_cross,
          minivault_11, uniq_natasha
D:3:      lemuel_castle_with_subvaults [lemuel_castle_interior_carwin_3],
          layout_basic, nicolae_uskayaw_murder_on_the_dancefloor, uniq_ijyb

Skill      XL: |  1  2  3  4 |
---------------+-------------+-----
Armour         | 1 |  1.9
Staves         | 4 |  4.2
Fighting       | |  2.9
Throwing       | |  2.0
Dodging        | |  3.7

Action                     |  1- 3 |  4- 6 || total
---------------------------+-------+-------++-------
  Melee: Quarterstaff      |    57 |    70 ||   127
 Armour: Leather armour    |    10 |       ||    10
         Ring mail         |     6 |    25 ||    31
  Dodge: Dodged            |    31 |    25 ||    56

Table legend: (Time is in decaauts)
 A = Elapsed time spent in this place.
 B = Non-inter-level travel time spent in this place.
 C = Inter-level travel time spent in this place.
 D = Time resting spent in this place.
 E = Time spent auto-exploring this place.
 F = Levels seen in this place.
 G = Mean time per level.
                   A        B        C        D        E       F      G
               +--------+--------+--------+--------+--------+-----+--------+
         Total |   2301 |   2251 |     50 |    215 |   1719 |   3 |  767.0 |
       Dungeon |   2301 |   2251 |     50 |    215 |   1719 |   3 |  767.0 |
               +--------+--------+--------+--------+--------+-----+--------+

Top non-repeatable levels by time:
     D:1: 1047 daAuts
     D:2: 919 daAuts
     D:3: 334 daAuts
